 Dungeon Crawl Stone Soup version 0.21.1-1-g345015f (webtiles) character file.

2760 wilfster70 the Fighter (level 9, -11/60 HPs)
             Began as an Octopode Fighter on Feb 26, 2018.
             Was a Believer of Hepliaklqana.
             Mangled by an orc warrior
             ... wielding a +0 trident
              (13 damage)
             ... on level 7 of the Dungeon.
             The game lasted 00:28:14 (7104 turns).

wilfster70 the Fighter (Octopode Fighter)           Turns: 7104, Time: 00:28:15

Health: -11/60     AC:  1    Str: 19    XL:     9   Next: 69%
Magic:  9/9        EV: 12    Int: 13    God:    Hepliaklqana [**....]
Gold:   393        SH: 11    Dex: 11    Spells: 8/8 levels left

rFire    x . .     SeeInvis .   a - +0 trident
rCold    + . .     Gourm    .   b - +1 shield
rNeg     . . .     Faith    .   (helmet restricted)
rPois    .         Spirit   .   n - amulet of regeneration
rElec    .         Reflect  .   l - +3 ring of strength
rCorr    .         Harm     .   q - ring of ice
MR       .....                  (no ring)
Stlth    ++........             (no ring)
HPRegen  0.60/turn              (no ring)
MPRegen  0.11/turn              (no ring)
                                (no ring)
                                (no ring)

@: no status effects
A: almost no armour, stealthy swim, amphibious, 8 rings, constrict 8, reduced
essence, camouflage 1, gelatinous body 1
a: Recall Ancestor, Ancestor Identity, Renounce Religion


You were on level 7 of the Dungeon.
You worshipped Hepliaklqana.
Hepliaklqana was pleased with you.
You were not hungry.

You visited 2 branches of the dungeon, and saw 9 of its levels.

You collected 393 gold pieces.

Inventory:

Hand Weapons
 a - a +0 trident (weapon)
Armour
 b - a +1 shield (worn)
Jewellery
 l - a +3 ring of strength (left tentacle)
 n - an amulet of regeneration (around mantle)
 q - a ring of ice (right tentacle)
Wands
 m - a wand of enslavement (27)
 p - a wand of flame (28)
 u - a wand of iceblast (5)
Scrolls
 f - 2 scrolls of remove curse
 g - a scroll of immolation {unknown}
 h - a scroll of blinking {unknown}
 r - a scroll of enchant weapon {unknown}
 t - a scroll of fog {unknown}
 x - a scroll of teleportation {unknown}
Potions
 c - 4 potions of might
 e - 3 potions of brilliance
 j - a potion of curing {unknown}
 k - a potion of berserk rage {unknown}
 o - 3 potions of lignification {unknown}
 s - a potion of haste
 w - a potion of agility {unknown}
Books
 v - a book of Changes

   Spells                             Type                      Level
   a - Beastly Appendage              Transmutation                1
   b - Sticks to Snakes               Transmutation                2
   c - Spider Form                    Transmutation/Poison         3
   d - Ice Form                       Ice/Transmutation            4
   e - Blade Hands                    Transmutation                5
Comestibles
 d - 12 rations


   Skills:
 + Level 8.8 Fighting
 + Level 8.5 Polearms
 - Level 3.0 Dodging
 + Level 6.4 Shields


You had 8 spell levels left.
You didn't know any spells.

Dungeon Overview and Level Annotations

Branches:
Dungeon (8/15)             Temple (1/1) D:4
   Lair: D:8-11

Altars:
Ashenzari
Cheibriados
Dithmenos
Elyvilon
Fedhas
Hepliaklqana
Makhleb
Nemelex Xobeh
Okawaru
Qazlal
Ru
Sif Muna
Trog
Uskayaw
Vehumet
Wu Jian
Xom
Yredelemnul
Zin
The Shining One

Shops:
D:5 ?*

Annotations:
D:3 shakethe's ghost, amateur HOFi


Innate Abilities, Weirdness & Mutations

You cannot wear most types of armour.
You are very stealthy in the water. (Stealth+)
You are amphibious.
You can wear up to eight rings at the same time.
You can use your tentacles to constrict eight enemies at once.
Your skin changes colour to match your surroundings (Stealth+).
Your rubbery body absorbs attacks. (AC +1, EV +1)
Your life essence is reduced to manifest your ancestor. (-10% HP)


Message History

Gerry hits the orc warrior but does no damage.
You block the orc warrior's attack.
You puncture the orc warrior! Your grab misses the orc warrior.
Your squeeze misses the orc warrior.
The orc warrior is moderately wounded.
Gerry hits the orc warrior but does no damage.
You block the orc warrior's attack.
You hit the orc warrior. Your grab misses the orc warrior.
The orc warrior is heavily wounded.
Gerry points at the orc warrior and mumbles some strange words.
The orc warrior appears confused.
The orc warrior hits you with a trident!!
* * * LOW HITPOINT WARNING * * *
You barely miss the orc warrior. You grab the orc warrior.
The orc warrior is heavily wounded.
You constrict the orc warrior, but do no damage.
Gerry casts a spell at the orc warrior.
The orc warrior resists with some effort.
The orc warrior hits you with a trident!
You die...

####### ##########
##.....## #........#
##.......###........#
#..>......##........# #
#.........##........###
#.........##........##.
#.........##........#..
#.....@R............#R#
##....o).###..........#
#.........##........###
####.........##........#
#............#....####.#
# #..............####
#.# # #.............##
#.# # #...........#.#
#.### ####..........##.#
####....


You could see the friendly Gerry the hexer and an orc warrior (confused).

Vanquished Creatures
  Sigmund (D:5)
  A slave (D:5)
  A black bear (D:7)
  4 centaurs
  3 ogres
  3 bullfrogs (D:7)
  3 scorpions
  3 killer bees (D:8)
  2 crimson imps
  2 hounds
  An orc priest (D:5)
  Ijyb (D:3)
  2 worker ants
  A hound zombie (D:7)
  Robin (D:2)
  6 adders
  7 gnolls
  3 shadow imps
  An ooze (D:2)
  2 adder zombies
  A worm (D:2)
  2 dart slugs
  7 leopard geckos
  8 orcs
  5 giant cockroaches
  11 goblins
  8 hobgoblins
  7 jackals
  4 quokkas
  7 bats
  7 frilled lizards
  7 kobolds
  2 quokka skeletons (D:4)
  5 rats
129 creatures vanquished.

Vanquished Creatures (collateral kills)
  Pikel (D:5)
  An ogre (D:4)
  A gnoll sergeant (D:7)
  A bullfrog (D:5)
  2 killer bees (D:8)
  2 hounds (D:4)
  A jelly (D:5)
  2 orc wizards
  A worker ant (D:5)
  A gnoll (D:7)
  An orc (D:5)
  A jackal (D:5)
15 creatures vanquished.

Vanquished Creatures (others)
  An orc wizard (D:6)
  A hexer (D:7)
  An ancestor (D:5)
  A jackal (D:7)
4 creatures vanquished.

Grand Total: 148 creatures vanquished

Notes
Turn   | Place    | Note
-------+----------+-------------------------------------------
     0 | D:1      | wilfster70 the Octopode Fighter began the quest for the Orb.
     0 | D:1      | Reached XP level 1. HP: 16/16 MP: 1/1
   159 | D:1      | Reached XP level 2. HP: 21/21 MP: 2/2
   945 | D:1      | Reached XP level 3. HP: 19/26 MP: 3/3
  1305 | D:2      | Noticed Robin
  1308 | D:2      | Reached XP level 4. HP: 33/33 MP: 4/4
  1317 | D:2      | Killed Robin
  1840 | D:2      | Reached XP level 5. HP: 30/38 MP: 5/5
  2260 | D:3      | Noticed shakethe's ghost (amateur HOFi)
  2381 | D:3      | Noticed Ijyb
  2423 | D:3      | Killed Ijyb
  2921 | D:4      | Reached skill level 5 in Fighting
  2921 | D:4      | Reached XP level 6. HP: 42/45 MP: 6/6
  3201 | D:4      | Found a sparkling altar of Nemelex Xobeh.
  3263 | D:4      | Found a staircase to the Ecumenical Temple.
  3342 | Temple   | Entered the Ecumenical Temple
  3494 | Temple   | Became a worshipper of Hepliaklqana the Forgotten
  3553 | D:4      | Found a burning altar of Makhleb.
  3723 | D:4      | Reached skill level 5 in Polearms
  3800 | D:4      | Reached XP level 7. HP: 45/45 MP: 7/7
  4341 | D:5      | Entered Level 5 of the Dungeon
  4376 | D:5      | Noticed Sigmund
  4385 | D:5      | Killed Sigmund
  4512 | D:5      | Reached XP level 8. HP: 42/52 MP: 8/8
  4527 | D:5      | Found Lucvor's Magic Scroll Shoppe.
  4876 | D:5      | Reached * piety under Hepliaklqana
  4961 | D:5      | Found Dorrunaf's General Store.
  4967 | D:5      | Noticed Pikel
  5068 | D:5      | Killed Pikel
  5431 | D:6      | Found a blossoming altar of Fedhas.
  5616 | D:6      | Reached skill level 5 in Shields
  5619 | D:6      | Reached XP level 9. HP: 19/59 MP: 9/9
  5769 | D:6      | Found a snail-covered altar of Cheibriados.
  5769 | D:6      | Found a glowing golden altar of the Shining One.
  5868 | D:6      | Found a white marble altar of Elyvilon.
  5928 | D:6      | Found a basalt altar of Yredelemnul.
  5981 | D:6      | Reached ** piety under Hepliaklqana
  5982 | D:6      | Remembered your ancestor Gerry as a hexer
  6443 | D:7      | Found a radiant altar of Vehumet.
  6780 | D:7      | Found an iron altar of Okawaru.
  7103 | D:7      | HP: 1/60 [orc warrior/trident (18)]
  7104 | D:7      | Mangled by an orc warrior

Skill      XL: |  1  2  3  4  5  6  7  8  9 |
---------------+----------------------------+-----
Polearms       | 3 4 5 6 7 8 |  8.5
Fighting       | 4 5 6 7 8 |  8.8
Shields        | 5 6 |  6.4
Dodging        | |  3.0

Action                   |  1- 3 |  4- 6 |  7- 9 || total
-------------------------+-------+-------+-------++-------
Melee: Trident           |    54 |   136 |   182 ||   372
       Constrict         |    17 |    34 |    39 ||    90
       Tentacles         |     9 |    20 |    38 ||    67
Invok: Recall Ancestor   |       |       |     2 ||     2
       Ancestor Identity |       |       |     1 ||     1
       Ancestor Life: He |       |       |     1 ||     1
  Use: Scroll            |       |     5 |     1 ||     6
       Potion            |       |       |     1 ||     1
 Stab: Sleeping          |     5 |     7 |     6 ||    18
       Distracted        |       |       |     1 ||     1
  Eat: Chunk             |     1 |     8 |     7 ||    16
       Ration            |       |       |     1 ||     1
Armor: Skin              |     4 |    11 |     5 ||    20
Dodge: Dodged            |    23 |    51 |    86 ||   160
Block: Shield            |    22 |    56 |    90 ||   168
